 Dungeon Crawl Stone Soup version 0.29.1-15-g9cfb28693d (webtiles) character file.

Game seed: 7092935057034403968

226 nickaroo1289 the Chopper (level 6, -1/53 HPs)
             Began as a Hill Orc Monk on Mar 15, 2023.
             Was an Initiate of Yredelemnul.
             Succumbed to a killer bee's poison
             ... on level 3 of the Dungeon.
             The game lasted 00:34:00 (3123 turns).

nickaroo1289 the Chopper (Hill Orc Monk)            Turns: 3123, Time: 00:34:01

Health: -1/53      AC:  2    Str: 14    XL:     6   Next: 1%
Magic:  7/7        EV: 13    Int: 10    God:    Yredelemnul [......]
Gold:   153        SH:  0    Dex: 15    Spells: 5/5 levels left

rFire   . . .      SeeInvis .   j - +0 dagger (elec)
rCold   . . .      Faith    .   (no shield)
rNeg    . . .      Spirit   .   b - +0 robe
rPois   .          Reflect  .   (no helmet)
rElec   .          Harm     .   (no cloak)
rCorr   .          Rampage  .   (no gloves)
Will    .....                   (no boots)
Stlth   ++........              (no amulet)
HPRegen 0.17/turn               (no ring)
MPRegen 0.10/turn               (no ring)

@: lethally poisoned (-1 -> -11)
A: no striking features
a: Renounce Religion, Recall Undead Harvest


You were on level 3 of the Dungeon.
You worshipped Yredelemnul.
Yredelemnul was noncommittal.
You visited 1 branch of the dungeon, and saw 4 of its levels.

You collected 153 gold pieces.

Inventory:

Hand Weapons
 a - a +0 hand axe
 e - a +0 dagger
 f - a +0 whip
 g - a +0 club
 h - a +0 whip
 i - a +0 spear
 j - a +0 dagger of electrocution (weapon)
 k - a +0 dagger
 l - a +0 dagger
 n - a +4 mace
 o - a +0 club
 r - a +0 dagger
 s - a +0 hand axe
 t - a +0 hand axe
 y - a +0 dagger
 A - a +0 whip
 B - a +0 whip
 D - a +0 dagger
 E - a +0 dagger
 F - a +0 short sword
Armour
 b - a +0 robe (worn)
 d - a +0 leather armour
 m - a +0 pair of boots
 q - a +0 robe
 u - a +0 leather armour
 v - a +0 leather armour
 w - the +0 barding "Plog" {rN+}
   (You found it on level 2 of the Dungeon)

   rN:        It protects you from negative energy.
 z - a +0 robe
 C - a +0 hat
 G - a +0 leather armour
 H - a +2 helmet
 J - a +1 pair of gloves
Wands
 x - a wand of flame (21)
Scrolls
 p - a scroll of magic mapping
Potions
 c - a potion of ambrosia
 I - a potion of resistance


   Skills:
 + Level 4.3 Fighting
 * Level 2.1 Short Blades
 - Level 4.5 Axes
 * Level 2.1 Armour
 + Level 3.8 Dodging
 - Level 1.6 Stealth
 * Level 1.5 Invocations


You had 5 spell levels left.
You didn't know any spells.
Your spell library contained the following spells:

 Spells                   Type           Power      Damage    Failure   Level
 Beastly Appendage        Tmut           0%         N/A       36%         1
 Wereblood                Tmut           0%         N/A       50%         2
 Spider Form              Tmut/Pois      0%         N/A       75%         3


Dungeon Overview and Level Annotations

Branches:
Dungeon (4/15)
 Temple: D:4-7

Altars:
Ru
Xom
Yredelemnul


Message History

You hit the kobold.
The kobold is heavily wounded.
You feel sick. The killer bee stings you!
You are more poisoned.
The killer bee poisons you! The killer bee barely misses you.
The kobold barely misses you. The killer bee barely misses you.
The killer bee stings you but does no damage.
You hit the kobold.
The kobold is severely wounded.
You feel sick. The killer bee barely misses you.
The killer bee closely misses you. The kobold barely misses you.
You hit the kobold but do no damage.
The kobold is severely wounded.
You feel sick. The killer bee barely misses you. x2
The killer bee stings you!
You are more poisoned.
The killer bee poisons you! The killer bee closely misses you.
The kobold hits you but does no damage.
You closely miss the kobold.
The kobold is severely wounded.
You feel very sick. The killer bee barely misses you.
The killer bee stings you!
* * * LOW HITPOINT WARNING * * *
You are lethally poisoned!
The killer bee poisons you! The killer bee barely misses you.
The killer bee stings you.
* * * LOW HITPOINT WARNING * * *
The kobold barely misses you.
The killer bee attacks as you move away!
The killer bee barely misses you.
* * * LOW HITPOINT WARNING * * *
You feel very sick.
There is a stone staircase leading up here.
* * * LOW HITPOINT WARNING * * *
You feel very sick. The killer bee misses you. The killer bee stings you.
* * * LOW HITPOINT WARNING * * *
You climb upwards.
You die...
Your body rises from the dead as a mindless zombie.

######### #########.......#
#######.......#.#####.#
#.............#.#####.#
#.#.##.............##.###
#.#.##.....##.#.#.......#
###.#.##[y......#.#..##.#.#
#..#..####@.###.#.......#.#
#.#.#.####y.###.###....##.#
#.###...........# #.##.##.#
#.# ############# #.##.##.#
#.# #.....# #.......#
####.#### #.....# ####.####
#.......# #.....# #.#
#.##.##.# #.....# ####.####
#.##..#.# #.<...# #.......#


You could see 2 killer bees.

Vanquished Creatures
  2 scorpions (D:3)
  Jessica (D:2)
  An adder (D:2)
  A worm (D:2)
  A dart slug (D:1)
  5 orcs
  3 ball pythons
  8 endoplasms
  3 giant cockroaches
  4 hobgoblins
  3 jackals (D:1)
  2 quokkas
  2 bats (D:1)
  A frilled lizard (D:3)
  2 goblins (D:1)
  6 kobolds
  8 rats
53 creatures vanquished.

Vanquished Creatures (collateral kills)
  A dart slug (D:3)
  An orc (D:3)
  An endoplasm (D:2)
  2 kobolds
  A bat (D:3)
  A frilled lizard (D:3)
  A goblin (D:2)
  A rat (D:3)
9 creatures vanquished.

Vanquished Creatures (others)
  2 bat zombies
  A ball python zombie (D:3)
  An orc zombie (D:3)
  10 demonic plants (D:2)
  6 fungi
  5 plants (D:2)
  4 withered plants (D:2)
29 creatures vanquished.

Grand Total: 91 creatures vanquished

Notes
Turn   | Place    | Note
-------+----------+-------------------------------------------
     0 | D:1      | nickaroo1289 the Hill Orc Monk began the quest for the Orb.
     0 | D:1      | Reached XP level 1. HP: 19/19 MP: 1/1
    62 | D:1      | Reached XP level 2. HP: 21/27 MP: 2/2
   453 | D:1      | Reached XP level 3. HP: 23/33 MP: 3/3
  1220 | D:2      | Found a faded altar of an unknown god.
  1267 | D:2      | Prayed at the altar of an unknown god.
  1267 | D:2      | Became a worshipper of Yredelemnul the Dark
  1267 | D:2      | Reached * piety under Yredelemnul
  1267 | D:2      | Reached ** piety under Yredelemnul
  1348 | D:2      | Identified the +0 barding "Plog" {rN+}
  1511 | D:2      | Noticed Jessica
  1520 | D:2      | Killed Jessica
  1521 | D:2      | Reached skill level 1 in Armour
  1521 | D:2      | Reached XP level 4. HP: 40/40 MP: 4/4
  1785 | D:2      | Reached skill level 1 in Short Blades
  1810 | D:2      | Reached *** piety under Yredelemnul
  2300 | D:3      | Found a shimmering altar of Xom.
  2304 | D:3      | Noticed a scorpion
  2310 | D:3      | Killed a scorpion
  2311 | D:3      | Reached skill level 1 in Invocations
  2311 | D:3      | Reached XP level 5. HP: 42/46 MP: 5/5
  2312 | D:3      | Found a sacrificial altar of Ru.
  2788 | D:3      | Reached XP level 6. HP: 53/53 MP: 5/7
  3122 | D:4      | HP: 2/53 [killer bee (2)]
  3123 | D:3      | Succumbed to a killer bee's poison

Illustrated notes

Levels and vault maps discovered:
D:1:      dpeg_arrival_prison, layout_loops_ring
D:2:      layout_basic, shapermc_ecumenical_altar_gd, minmay_misc_feat_cross,
          uniq_jessica
D:3:      layout_loops_cross, mainiacjoe_overflow_large_starburst
D:4:      minmay_recursive_quarters, layout_basic, kennysheep_little_box,
          lemuel_doored_altar, general_overflow_altar

Skill      XL: |  1  2  3  4  5 |
---------------+----------------+-----
Fighting       | 4 |  4.3
Dodging        | 3 |  3.8
Armour         | 1 2 |  2.1
Short Blades   | 1 2 |  2.1
Invocations    | 1 |  1.5
Axes           | |  4.5
Stealth        | |  1.6

Action                   |  1- 3 |  4- 6 || total
-------------------------+-------+-------++-------
Melee: Hand axe          |    29 |       ||    29
       Dagger            |    65 |    65 ||   130
Invok: Dark Bargain      |       |     1 ||     1
  Use: Potion            |     2 |     4 ||     6
       Scroll            |     2 |     2 ||     4
 Stab: Sleeping          |     3 |     2 ||     5
       Distracted        |     1 |       ||     1
Armor: Robe              |    22 |    10 ||    32
Dodge: Dodged            |    60 |    54 ||   114
